 Dungeon Crawl Stone Soup version 0.31-a0-152-g6aa68a64a1 (webtiles) character file.

Game seed: 5954487984573096495

91 qw the Shooter (level 4, 0/40 HPs)
             Began as a Naga Hunter on June 9, 2023.
             Slain by Sigmund
             ... wielding a +0 scythe of flaming
              (2 damage)
             ... on level 3 of the Dungeon.
             The game lasted 00:00:28 (1180 turns).

qw the Shooter (Naga Hunter)                        Turns: 1180, Time: 00:00:28

Health: 0/40       AC:  6    Str: 13    XL:     4   Next: 57%
Magic:  4/4        EV:  8    Int:  9    God:
Gold:   121        SH:  0    Dex: 17    Spells: 3/3 levels left

rFire   . . .        Y - +1 shortbow
rCold   . . .        (shield currently unavailable)
rNeg    . . .        e - +3 ring mail
rPois   +            (no helmet)
rElec   .            (no cloak)
rCorr   .            (no gloves)
SInv    +            (no barding)
Will    .....        (no amulet)
Stlth   +            (no ring)
HPRegen 0.26/turn    (no ring)
MPRegen 0.09/turn

%: no passive effects
@: short of breath, very slow
A: AC +1, large, see invisible, deformed body, poison resistance, slowness 2,
spit poison 1, naga tail 1
a: Spit Poison


You were on level 3 of the Dungeon.
You visited 1 branch of the dungeon, and saw 3 of its levels.

You collected 121 gold pieces.


Innate Abilities, Weirdness & Mutations

Your serpentine skin is tough. (AC +1)
You have supernaturally acute eyesight. (SInv)
Armour fits poorly on your strangely shaped body.
Your system is resistant to poisons. (rPois)
You cover ground very slowly.
You can spit poison.
You have a snake-like lower body.


   Skills:
 + Level 2.7 Fighting
 - Level 5.0 Ranged Weapons
 - Level 1.5 Dodging
 - Level 1.5 Stealth


You had 3 spell levels left.
You didn't know any spells.
Your spell library was empty.

Inventory:

Hand Weapons
 Y - a +1 shortbow (weapon)
Armour
 e - a +3 ring mail (worn)
Potions
 a - a potion of lignification {unknown}
 b - a potion of enlightenment {unknown}
 d - a potion of invisibility {unknown}
 h - a potion of heal wounds {unknown}
 i - a potion of curing {unknown}
 k - a potion of might {unknown}
 l - a potion of haste {unknown}

Dungeon Overview and Level Annotations

Branches:
Dungeon (3/15)

Altars:

Annotations:
D:3 Sigmund


Message History

Sigmund hits you from afar with a +0 scythe of flaming.
Sigmund burns you.
You shoot an arrow. The arrow barely misses the jackal.
The jackal bites you but does no damage.
The jackal barely misses you. The jackal closely misses you.
The jackal bites you. The jackal closely misses you.
Sigmund hits you but does no damage. The jackal bites you.
You shoot an arrow. The arrow hits the jackal.
The jackal is moderately wounded.
You have got your breath back.
The jackal barely misses you. The jackal closely misses you.
The jackal bites you but does no damage. x5
Sigmund barely misses you.
1178 ||| INVOKING Spit Poison.
Aiming: Spit Poison (1% risk of failure)
Press: ? - help, Shift-Dir - straight line, f/p - jackal The splash of poison hits the jackal but does no damage.
The jackal is poisoned.
The jackal is moderately wounded.
The jackal bites you but does no damage. x3
The jackal closely misses you. The jackal barely misses you.
You shoot an arrow. The arrow closely misses the jackal.
The jackal bites you but does no damage.
The jackal barely misses you.
The jackal bites you but does no damage.
The jackal bites you.
Sigmund hits you from afar with a +0 scythe of flaming.
Sigmund burns you. The jackal bites you. The jackal barely misses you.
The jackal bites you.
A kobold comes into view. It is wielding a +0 short sword.
The jackal bites you but does no damage.
You shoot an arrow. The kobold shouts!
The arrow hits the jackal!
You kill the jackal!
The jackal closely misses you.
The jackal bites you but does no damage.
The jackal barely misses you.
Sigmund hits you from afar with a +0 scythe of flaming.
You die...

#..........(.
###.....<.... #
##......%.... #.
#............ ...
#####.#.........#
....
##.....#...%.....#
#....
#..######.......##
#.....#h####
##.....##
#..(h@...# #######
$K....h........
###...@.##...##
###..## ##.# #.#
.. #. . .. ...


You could see Sigmund (invisible), 3 jackals and a kobold.

Vanquished Creatures
  Jessica (D:2)
  3 adders (D:2)
  2 worms (D:2)
  3 dart slugs
  2 endoplasms (D:1)
  3 giant cockroaches (D:1)
  2 goblins
  2 hobgoblins
  A jackal (D:3)
  A quokka (D:1)
  3 ball pythons
  4 bats
  A rat (D:3)
28 creatures vanquished.

Notes
Turn   | Place    | Note
-------+----------+-------------------------------------------
     0 | D:1      | qw the Naga Hunter began the quest for the Orb.
     0 | D:1      | Reached XP level 1. HP: 19/19 MP: 1/1
     0 | D:1      | 0 ||| qw: Version: 0.2-a-122-gbc61b45
     0 | D:1      | 0 ||| qw: Game counter: 3356
     0 | D:1      | 0 ||| qw: Always use a shield: true
     0 | D:1      | 0 ||| qw: God list: Okawaru
     0 | D:1      | 0 ||| qw: Allow faded altars: false
     0 | D:1      | 0 ||| qw: Do Orc after D:15 true
     0 | D:1      | 0 ||| qw: Do second Lair branch before Depths: true
     0 | D:1      | 0 ||| qw: Lair rune preference: random
     0 | D:1      | 0 ||| qw: Plans: Normal
     0 | D:1      | 0 ||| PLANNING D:1-11
   147 | D:1      | 147 ||| INVOKING Spit Poison.
   160 | D:1      | 160 ||| INVOKING Spit Poison.
   175 | D:1      | 175 ||| INVOKING Spit Poison.
   262 | D:1      | 262 ||| INVOKING Spit Poison.
   263 | D:1      | Reached skill level 4 in Ranged Weapons
   263 | D:1      | Reached XP level 2. HP: 26/26 MP: 2/2
   325 | D:1      | 325 ||| INVOKING Spit Poison.
   435 | D:1      | 435 ||| INVOKING Spit Poison.
   518 | D:1      | 518 ||| INVOKING Spit Poison.
   595 | D:1      | 595 ||| UPGRADING to +3 ring mail.
   605 | D:1      | 605 ||| DROPPING +0 leather armour.
   606 | D:1      | 606 ||| READING scroll labelled DUOPEO DIXO.
   607 | D:1      | 607 ||| READING scroll labelled MEHOYL VOURA.
   608 | D:1      | 608 ||| DROPPING scroll of butterflies.
   623 | D:2      | 623 ||| INVOKING Spit Poison.
   627 | D:2      | Noticed Jessica
   629 | D:2      | 629 ||| INVOKING Spit Poison.
   629 | D:2      | Killed Jessica
   630 | D:2      | Reached XP level 3. HP: 21/32 MP: 3/3
   725 | D:2      | 725 ||| INVOKING Spit Poison.
   731 | D:2      | 731 ||| INVOKING Spit Poison.
   733 | D:2      | Reached skill level 5 in Ranged Weapons
   733 | D:2      | Reached XP level 4. HP: 32/39 MP: 4/4
   768 | D:2      | 768 ||| INVOKING Spit Poison.
   774 | D:2      | 774 ||| INVOKING Spit Poison.
   849 | D:2      | 849 ||| INVOKING Spit Poison.
   912 | D:2      | 912 ||| INVOKING Spit Poison.
   959 | D:2      | 959 ||| INVOKING Spit Poison.
  1004 | D:2      | 1004 ||| INVOKING Spit Poison.
  1005 | D:2      | 1005 ||| INVOKING Spit Poison.
  1052 | D:2      | 1052 ||| INVOKING Spit Poison.
  1104 | D:2      | 1104 ||| READING scroll labelled KOG YSURHEATHO.
  1107 | D:2      | 1107 ||| READING scroll labelled JACUGRIRUM.
  1108 | D:2      | 1108 ||| READING scroll labelled SOUSSE JOD QUM.
  1109 | D:2      | 1109 ||| READING scroll labelled LUGIQE ROTSACO.
  1110 | D:2      | 1110 ||| READING scroll labelled UMUDUM IGOJOM.
  1111 | D:2      | 1111 ||| READING scroll labelled QAEX MYBYNG.
  1122 | D:3      | 1122 ||| INVOKING Spit Poison.
  1159 | D:3      | Noticed Sigmund
  1160 | D:3      | 1160 ||| INVOKING Spit Poison.
  1164 | D:3      | 1164 ||| INVOKING Spit Poison.
  1173 | D:3      | 1173 ||| INVOKING Spit Poison.
  1178 | D:3      | 1178 ||| INVOKING Spit Poison.
  1179 | D:3      | HP: 6/40 [Sigmund/+0 scythe of flaming (5)]
  1179 | D:3      | HP: 2/40 [jackal (2)]
  1180 | D:3      | Slain by Sigmund

Levels and vault maps discovered:
D:1:      minmay_arrival_hallway, layout_basic
D:2:      layout_basic, nicolae_half_adder, uniq_jessica
D:3:      layout_rooms, kiku_gazebo_garden_becter, uniq_sigmund

Skill      XL: |  1  2  3 |
---------------+----------+-----
Ranged Weapons | 4 5 |  5.0
Fighting       | |  2.7
Dodging        | |  1.5
Stealth        | |  1.5

Action                     |  1- 3 |  4- 6 || total
---------------------------+-------+-------++-------
   Fire: Shortbow          |    29 |    37 ||    66
Ability: Spit Poison       |    11 |    12 ||    23
    Use: Scroll            |     2 |     6 ||     8
 Armour: Leather armour    |     2 |       ||     2
         Ring mail         |     1 |    29 ||    30
  Dodge: Dodged            |     1 |    23 ||    24

Table legend:
 A = Non-vault XP
 B = Vault XP
 C = Vault XP percentage of total XP
 D = Non-vault monster count
 E = Vault monster count
 F = Vault count percentage of total count
                 A         B        C        D         E       F
            +---------+---------+-------+---------+---------+-------
      Total |      54 |      78 |  59.1 |      24 |       4 |  14.3
            +---------+---------+-------+---------+---------+-------
        D:1 |      23 |       0 |   0.0 |      12 |       0 |   0.0
        D:2 |      26 |      78 |  75.0 |       9 |       4 |  30.8
        D:3 |       5 |       0 |   0.0 |       3 |       0 |   0.0
            +---------+---------+-------+---------+---------+-------
